[Event "10th Amsterdam Science Park 2022"]
[Site "Amsterdam"]
[Date "2022.07.22"]
[Round "5.1"]
[White "Van Delft, Merijn"]
[Black "Bosboom, Manuel"]
[Result "1/2-1/2"]
[ECO "B90"]
[WhiteElo "2383"]
[BlackElo "2381"]
[Annotator "TA"]
[PlyCount "55"]
[EventDate "2022.07.18"]
[EventCountry "NED"]
[SourceTitle "playchess.com"]
[Source "ChessBase"]
[SourceQuality "1"]
[TimeControl "5400+30"]

1. e4 c5 2. Nf3 d6 3. d4 cxd4 4. Nxd4 Nf6 5. Nc3 a6 6. h3 h5 {[%emt 0:04:17] B90: Sicilian Najdorf: Unusual White 6th moves, 6 Be3 Ng4 and 6 Be3 e5.} (6... e5 $5 7. Nb3 Be7 $11) 7. Bg5 e6 8. f4 b5 {[%emt 0:00:31] [#]} 9. e5 $146 (9. a3 $14) ({Predecessor:} 9. a3 Bb7 10. Be2 Nbd7 11. Bf3 Qb6 12. Qd2 Rc8 13. O-O-O g6 14. Kb1 e5 15. Nb3 {½-½ (48) Petkov,M (2426)-Damljanovic,B (2501) Arandjelovac 2021}) 9... dxe5 $15 10. fxe5 {[%emt 0:00:17] [#]} Qc7 $1 11. Qe2 Nbd7 12. Nf3 (12. exf6 $11 Qg3+ 13. Qf2 Qxg5 14. Qf3 Qh4+ 15. g3 Qxd4 16. Qxa8 Qe3+ 17. Be2 Qxg3+ 18. Kd1) 12... Ba3 13. Bc1 (13. exf6 Bxb2 14. Nd5 Qg3+ 15. Qf2 Qxf2+ 16. Kxf2 exd5 17. Re1+ Kf8 18. fxg7+ Kxg7 $17) 13... Bb7 14. exf6 $14 Nxf6 15. Nxb5 (15. Qe3 $1 $16 Be7 16. Bd3) 15... axb5 (15... Qg3+ $1 $11 {remains equal.} 16. Qf2 Qxf2+ 17. Kxf2 Bc5+ 18. Nbd4 (18. Be3 Ne4+ 19. Ke1 Bxe3 $15) 18... Bxf3) 16. bxa3 $16 {[%emt 0:02:36] Hoping for Qe5.} (16. Qxb5+ Kf8 17. Kd1 Bxf3+ 18. gxf3 Rd8+ 19. Bd3 Qg3 $1 $17) 16... O-O-O (16... O-O $16 17. Qe5 Qxc2) 17. Qe5 $2 (17. Qxb5 Qc3+ 18. Kf2 Ne4+ 19. Kg1 Qxa1 20. Qc4+ Kd7 21. Qb5+ (21. Bg5 $2 Nxg5 22. Nxg5 Ke8 $19) 21... Kc8 22. Qc4+ Kd7 23. Qb5+ (23. Bg5 $2 Nxg5 24. Nxg5 Ke8 $19) 23... Kc8 $11) ({White should try} 17. Kf2 $1 $18 ) 17... Rd1+ $1 $11 18. Kf2 {[%emt 0:00:59][%cal Be1f2,Bf2g1,Bg1h2][%mdl 32] Black must now prevent Qxc7+.} Ne4+ 19. Kg1 Qb6+ (19... Qc4 $2 20. Kh2 $1 Rxf1 21. Bf4 Rxh1+ 22. Rxh1 $18) 20. Kh2 f6 21. Qf4 (21. Qxb5 $11 {and White stays safe.} Qd6+ 22. Ne5 $1 (22. Kg1 $2 Ba6 $19)) 21... g5 $19 22. Nxg5 fxg5 23. Qe5 {[%emt 0:00:03] [#]} Rhd8 (23... Rf8 $1 $17 24. Be3 (24. Bxb5 $2 Rf2 $19) 24... Qxe3 25. Rxd1 g4 26. Qxe6+ Kb8 27. Qe5+ Ka8) 24. Bd3 {[%emt 0:00:45] Chess con chili. The position is equal.} Rxh1+ 25. Kxh1 Nf2+ 26. Kh2 Nxd3 27. cxd3 Qd6 28. Qxd6 {[%emt 0:01:39] Weighted Error Value: White=0.42/Black=0.38} 1/2-1/2

[Event "10th Amsterdam Science Park 2022"]
[Site "Amsterdam"]
[Date "2022.07.22"]
[Round "5.2"]
[White "Blom, Vincent"]
[Black "Zwirs, Nico"]
[Result "1-0"]
[ECO "D43"]
[WhiteElo "2325"]
[BlackElo "2485"]
[Annotator "TA"]
[PlyCount "159"]
[EventDate "2022.07.18"]
[EventCountry "NED"]
[SourceTitle "playchess.com"]
[Source "ChessBase"]
[SourceQuality "1"]
[TimeControl "5400+30"]

1. c4 e6 2. Nf3 d5 3. d4 Nf6 4. Nc3 dxc4 5. Qa4+ c6 6. Qxc4 b5 7. Qd3 Bb7 8. Bg5 {[%emt 0:07:46] D43: Semi-Slav: 5 Bg5 h6.} Nbd7 9. e4 b4 10. Na4 {[%emt 0:02:37] The position is equal.} Qa5 11. b3 c5 12. Bxf6 gxf6 13. d5 (13. Be2 $11 {feels stronger.}) 13... O-O-O $15 14. dxe6 Nb6 $36 {[%emt 0:01:45][%mdl 2048] White is under pressure.} (14... Ne5 15. Qb5 Qc7 16. exf7 $11) 15. Nxb6+ $1 Qxb6 16. Qc4 {[%emt 0:07:03] [#]} Qxe6 $146 ({Predecessor:} 16... fxe6 17. Bd3 Rg8 18. O-O f5 19. Rfd1 Bg7 20. Rac1 Bc3 21. g3 fxe4 22. Bxe4 Rxd1+ 23. Rxd1 Ba6 {0-1 (23) Hercog,N (2031)-Velikic,A (2323) Maribor 2019}) 17. Qxe6+ fxe6 18. e5 fxe5 {[%emt 0:04:37] aiming for ...e4.} 19. Ng5 Bh6 20. h4 Rd4 {[%emt 0:26:00] Threatens to win with ...Bxg5.} 21. f3 Re8 (21... e4 $17 {Hoping for ...exf3.} 22. Rc1 (22. Nxe6 $2 Bd2+ 23. Kf2 Bc3 $19) 22... Rd5) 22. Rc1 $11 e4 (22... Kb8 $15) 23. Rxc5+ Kb8 24. Be2 (24. fxe4 Bxg5 25. hxg5 Rxe4+ 26. Kf2 Rf8+ 27. Kg3 Re1 $17) 24... e3 {[%emt 0:04:22] ...Rd2 is the strong threat.} 25. Re5 Rc8 26. O-O (26. Bc4 $11) 26... Rxh4 ({Worse is} 26... Rc2 27. Rxe3 Bd5 28. f4 $15) (26... Rd2 $1 $17 27. Re1 Bg7 28. Rxe6 Bd5) 27. f4 Rc2 (27... Bg7 $17 28. Rxe6 Bd4) 28. Rxe3 Bxg5 29. fxg5 Re4 30. Rf8+ Rc8 $2 (30... Kc7 $11 {and Black stays safe.} 31. Rf7+ Kd6) 31. Rxe4 $18 Bxe4 {[%emt 0:00:04][%mdl 4096] Endgame KRB-KRB} 32. Rf4 Rc1+ 33. Kf2 Bb1 34. Rxb4+ Kc7 35. Ra4 Kb7 (35... Kb6 $16 {was necessary.}) 36. Ke3 ({White should play} 36. Bf3+ $18 Kb8 37. Be4 Bxe4 38. Rxe4) 36... Rc5 (36... Kb6 $16 37. Ra6+ Kb7 38. Rxe6 Bxa2) 37. Bf3+ $1 Kb8 38. Kf4 (38. Rb4+ $18 Kc8 39. a3) 38... e5+ (38... Rf5+ $16 39. Kg4 Re5) 39. Kg4 Bg6 40. Rb4+ (40. Be4 $18) 40... Kc8 ({Better is} 40... Kc7 $1 $14) 41. Be4 (41. Rc4 $16 Rxc4+ 42. bxc4) 41... a5 $1 $11 42. Ra4 {[%emt 0:00:00] Black must now prevent Bxg6.} Kd7 43. Bxg6 hxg6 {[%emt 0:00:00] KR-KR} 44. Kf3 Ke6 45. Rc4 Rb5 46. g4 (46. Ke4 $5 ) 46... Kd7 {[%emt 0:00:00] [#] Prevents Rc6.} (46... Kd5 $11) 47. Rc2 ({Only move:} 47. Rc3 $1 $16) 47... Rb4 {[%emt 0:00:00] [#]} (47... a4 $11 {remains equal.}) 48. Rc5 $1 $16 a4 $2 {[%emt 0:00:00] This move loses the game for Black.} (48... Rf4+ $16 49. Kg3 a4) 49. Rc4 $18 ({Less strong is} 49. Rxe5 axb3 50. axb3 Rxb3+ 51. Kf4 Ra3 $14) 49... Rxc4 50. bxc4 {[%emt 0:00:07] KP-KP} Kc6 51. Ke4 Kd6 52. c5+ Kxc5 {[%emt 0:02:00] ( -> ...Kd6)} 53. Kxe5 {[%emt 0:00:03] K3P-KPP} Kb4 54. Kf6 Ka3 55. Kxg6 Kxa2 {[%emt 0:00:05] KPP-KP} 56. Kh7 {[%emt 0:02:30] White threatens g6 and mate.} Kb1 57. g6 {[%emt 0:00:03] Threatening mate with g7.} a3 58. g7 a2 59. g8=Q {[%emt 0:00:06][%cal Og8a2] Intending Qxa2+! and mate.} a1=Q {[%emt 0:00:03] KQ-KQ} 60. Qb3+ Kc1 61. Qe3+ Kc2 62. Qe2+ Kb3 63. Qd3+ Kb4 64. Qe4+ ({But not} 64. g5 Qh1+ 65. Kg7 Qb7+ 66. Kf6 Qb6+ 67. Ke5 Qc5+ 68. Kf4 Qc1+ 69. Qe3 Qf1+ 70. Kg3 Kb5 $18) 64... Kb3 65. g5 Qa7+ 66. Kh6 Qd7 67. Qf3+ Ka4 (67... Kb2 $142 68. Qg2+ Kb1 69. Qe4+ Kb2 70. Qe2+ Kc1 71. Qe1+ Kc2 72. Qf2+ Kc1) 68. Qf4+ Ka3 69. g6 Qh3+ 70. Kg7 Qd7+ (70... Ka2 $142 71. Kf6 Qc3+ 72. Qe5 Qf3+ 73. Ke7 Qb7+ 74. Ke6 Qc6+ 75. Qd6 Qe8+ 76. Kf6 Qh8+ 77. Kf7 Qh5) 71. Kg8 Qe6+ 72. Qf7 Qe5 73. g7 Kb2 74. Qf2+ Kb1 $2 (74... Kb3 75. Qf3+ Ka2) 75. Qb6+ $2 (75. Kf7 Qc7+ 76. Kg6 Qd6+ 77. Kg5 Qd8+ 78. Qf6 Qd2+ 79. Kg6 Qg2+ 80. Qg5 Qc6+ 81. Qf6 Qg2+ 82. Qg5 Qc6+ 83. Qf6 Qg2+) 75... Kc1 (75... Ka1 $142 76. Qg6 Qh2) 76. Kh7 Qe7 (76... Qf5+ $18 77. Qg6 Qd7) 77. Qg1+ {[%emt 0:01:14] White mates.} Kb2 78. Qd4+ Kb1 79. Kh8 Qe6 80. g8=Q {[%emt 0:00:30] Weighted Error Value: White=0.21 (precise) /Black=0.34} 1-0

[Event "10th Amsterdam Science Park 2022"]
[Site "Amsterdam"]
[Date "2022.07.22"]
[Round "5.3"]
[White "De Winter, Arthur"]
[Black "Stolwijk, Colin"]
[Result "1-0"]
[ECO "B11"]
[WhiteElo "2150"]
[BlackElo "2277"]
[Annotator "TA"]
[PlyCount "95"]
[EventDate "2022.07.18"]
[EventCountry "NED"]
[SourceTitle "playchess.com"]
[Source "ChessBase"]
[SourceQuality "1"]
[TimeControl "5400+30"]

1. e4 c6 2. Nf3 d5 3. Nc3 Bg4 4. h3 Bxf3 5. Qxf3 e6 6. d4 Nf6 7. exd5 {[%emt 0:00:13] B11: Caro-Kann: Two Knights Variation.} cxd5 8. Bd3 Nc6 9. Ne2 {[%emt 0:00:35] The position is equal.} Nb4 10. Bb5+ Nd7 11. Ba4 b5 12. Bb3 {[%emt 0:01:01] [#]} Be7 $146 ({Predecessor:} 12... Nc6 13. c3 Bd6 14. O-O Qf6 15. Qd3 Rb8 16. f4 g6 17. g4 h5 18. g5 Qd8 {0-1 (50) Iglesias Ferreira,A (2146)-Buendia Pinar,A (2295) La Roda 2022}) 13. O-O Nf6 14. c3 Nc6 15. Bc2 O-O 16. g4 b4 17. Bf4 Rc8 18. Kg2 a5 19. h4 (19. Qd3 $5 g6 20. Ba4 $14) 19... Nd7 20. Qd3 g6 21. h5 e5 22. hxg6 fxg6 23. dxe5 Ndxe5 24. Qe3 Bf6 ({Resist} 24... Qd7 25. Bxe5 Bc5 26. Qxc5 $16) 25. Rad1 Qd7 $1 26. Qh3 Qxg4+ 27. Qxg4 Nxg4 28. Rxd5 (28. Bb3 $142) 28... Bg7 (28... bxc3 $11 29. bxc3 {[#]} Nb4 $1) 29. Bg3 (29. Rc5 $14 Rfe8 30. Re1) 29... Rfe8 {[%emt 0:00:53] [#]} ({Better is} 29... bxc3 $11 30. Rg5 Nge5 31. Bb3+ Kh8 32. bxc3 Rce8) 30. Bb3 $1 $14 {[%emt 0:01:17][%cal Bc2b3,Bb3c4,Bc4a6,Ba6b5,Bb5a4,Ba4d1][%mdl 32] Black must now prevent Rd8+.} a4 (30... bxc3 31. Nxc3) 31. Bc4 {[%emt 0:00:17] Rc5+ is the strong threat.} Kh8 $1 32. Ba6 Rcd8 33. Rxd8 Rxd8 34. Bb5 {[%emt 0:00:17][%csl LRa4,LRc6] This bishop pair is nice.} Nce5 35. Bxa4 Rd2 36. Rd1 Rxd1 {[%emt 0:02:58] Black cannot hold the game after this.} (36... bxc3 $14 37. b4 (37. bxc3 Rxe2 38. Rd8+ Bf8 $11) 37... Nc4 38. Rxd2 cxd2) 37. Bxd1 $18 Nd3 38. cxb4 Nxb4 39. a3 Nd5 (39... Nd3 40. b4 Be5) 40. b4 {[%emt 0:00:08] And now Bb3 would win.} Bb2 (40... Be5 $142 41. Bb3 Bxg3 42. fxg3 Nc7) 41. Bb3 Bxa3 42. Bxd5 Bxb4 43. Be6 Nf6 44. Be5 Kg7 45. Nf4 Be7 46. Nd5 Bd8 47. f4 {[%emt 0:00:00] Threatening mate with Kg3.} h6 48. Kh3 {[%emt 0:00:00] Weighted Error Value: White=0.07 (flawless) /Black=0.44} 1-0

[Event "10th Amsterdam Science Park 2022"]
[Site "Amsterdam"]
[Date "2022.07.22"]
[Round "5.4"]
[White "Van der Poel, Henk"]
[Black "Vroombout, Enrico"]
[Result "1-0"]
[ECO "B23"]
[WhiteElo "2210"]
[BlackElo "2125"]
[Annotator "TA"]
[PlyCount "101"]
[EventDate "2022.07.18"]
[EventCountry "NED"]
[SourceTitle "playchess.com"]
[Source "ChessBase"]
[SourceQuality "1"]
[TimeControl "5400+30"]

1. e4 c5 2. Nc3 Nc6 3. Bb5 g6 4. Bxc6 dxc6 5. f4 Bg7 6. Nf3 {[%emt 0:00:41] B23: Closed Sicilian: Lines without g3.} Nh6 7. d3 b6 8. O-O {[%emt 0:01:45] White is slightly better.} f6 9. Qe1 Nf7 10. Be3 {[%emt 0:08:08] [#]} e5 $146 ({Predecessor:} 10... O-O 11. Qg3 e5 12. Ne2 Qe7 13. fxe5 fxe5 14. h4 Be6 15. Ng5 Nd6 16. Nxe6 Qxe6 {½-½ (42) Keller,P (1947)-Koop,T (2090) Xanten 2011}) 11. f5 g5 12. Nd2 {[%emt 0:08:28] White is more active.} Nd6 13. a4 (13. a3 $16) 13... a5 $1 $14 14. Ne2 Ba6 15. b3 Qc7 16. Qf2 Bf8 17. Nc3 O-O-O 18. Nd1 Kb7 19. Nb2 Nf7 20. Rfd1 h5 21. Ndc4 Nh6 22. h3 {[%emt 0:02:42] Against Ng4. White wants to play c3.} g4 23. Kf1 h4 24. Ke2 ({Better is} 24. Qxh4 $16 gxh3 25. gxh3 (25. Qxf6 Be7 $11)) 24... Qg7 (24... g3 $11 {keeps the balance.} 25. Qf3 Nf7) 25. Rh1 (25. b4 $16) 25... Nf7 {[%emt 0:00:36] [#]} (25... g3 $1 $11 {remains equal.} 26. Qf3 Nf7) 26. hxg4 $1 $16 Qxg4+ 27. Qf3 Qg8 28. Rh2 Ng5 29. Qf2 Rd7 30. Rah1 (30. Rxh4 $6 Rxh4 31. Qxh4 Rh7 $16) 30... Rg7 31. Kd1 (31. Rxh4 Rxh4 32. Qxh4 (32. Rxh4 Nxe4 33. Qf3 Nc3+ 34. Kf2 Rh7 $11) 32... Rh7 $16) 31... b5 $2 (31... Be7 32. Rxh4 Rxh4 33. Rxh4 (33. Qxh4 Nf7 $16) 33... Bd8) 32. Nd2 (32. Nxa5+ $142 Ka8 33. Bxc5) 32... c4 33. Ba7 $2 (33. dxc4 $6 bxc4 34. Bxg5 (34. bxc4 Rd7 $16) (34. Rxh4 Rxh4 35. Rxh4 c3 $11) (34. Nbxc4 Bxc4 35. Bxg5 Rd7 $16) 34... Rd7 35. Nbxc4 (35. Bxf6 c3 $11) 35... Bxc4 $16) (33. Rxh4 Rxh4 34. Rxh4 (34. Qxh4 $2 c3 $19) 34... c3 $17) (33. bxc4 $18 Bb4 34. cxb5 (34. Rxh4 Rxh4 35. Rxh4 Nf7 $18) (34. Ba7 Ka8 $16) 34... cxb5 35. Nb3 (35. Rxh4 Rxh4 36. Rxh4 Nf7 $18) (35. Ba7 Ka8 $16)) 33... Ka8 $11 {[%emt 0:00:07] [#]} 34. axb5 (34. Qb6 $1 $14 Rxa7 35. Qxc6+ Kb8 36. axb5) 34... Rxa7 $4 {[%emt 0:00:19][%mdl 8192] White now steadily converts the win.} (34... cxb5 $15 {keeps the upper hand.} 35. Bc5 c3 36. Bxf8 Qxf8) 35. bxa6 $18 c3 (35... cxd3 $142 36. Qb6 (36. cxd3 Rxa6 37. Rxh4 Rxh4 $18) (36. Rxh4 Rxh4 37. Rxh4 dxc2+ 38. Kxc2 Rxa6 $16) (36. Nxd3 Rxa6 37. Rxh4 Rxh4 $18) 36... dxc2+ 37. Kxc2 Be7 38. Qxc6+ Kb8 39. Rxh4 Rxh4 40. Qb6+ (40. Rxh4 Rc7 $16) 40... Ka8 41. Rxh4 Qe8) 36. Nbc4 cxd2 (36... Rxa6 {keeps fighting.} 37. Nb6+ Kb7) 37. Qb6 Bb4 (37... Rf7 $142 38. Qxc6+ Ka7 39. Qb6+ Ka8 40. Qc6+ (40. Rxh4 Nxe4 41. Qc6+ Ka7 $18) 40... Ka7 41. Rxh4 Rxh4 42. Qb6+ (42. Rxh4 Bb4 $16) 42... Ka8 43. Qd8+ (43. Rxh4 Bb4 $16) 43... Ka7 44. Rxh4 Qg7 45. Qb6+ (45. Kxd2 Rc7 $16) (45. Nxd2 Rd7 $16) (45. Qxa5 Nf3 $16) 45... Ka8 46. Nxa5 Qg8 47. Kxd2 Bg7 48. Qc6+ Ka7 49. Qc5+ Kxa6) 38. Qxc6+ Kb8 39. Qb6+ Ka8 40. Qc6+ (40. c3 $142) 40... Kb8 41. Qb5+ {[%emt 0:00:00] White is clearly winning.} Kc8 42. Nb6+ Kd8 43. Nd5 {[%emt 0:00:00] White wants to mate with Qb8+.} Kc8 {[%emt 0:00:00] Against Qb8+} 44. Qc6+ Kb8 45. c3 Qc8 46. Qb6+ Ka8 47. Qxf6 Rxa6 48. Qxg5 Bxc3 49. Rxh4 Rxh4 50. Qxh4 {[%emt 0:00:00] Qh8 is the strong threat.} Rd6 51. Qh8 {[%emt 0:00:00] Weighted Error Value: White=0.67/Black=0.48} 1-0

[Event "10th Amsterdam Science Park 2022"]
[Site "Amsterdam"]
[Date "2022.07.22"]
[Round "5.5"]
[White "Bruil, Rembrandt"]
[Black "Pronk, Sven"]
[Result "1-0"]
[ECO "D34"]
[WhiteElo "2204"]
[BlackElo "2105"]
[Annotator "TA"]
[PlyCount "81"]
[EventDate "2022.07.18"]
[EventCountry "NED"]
[SourceTitle "playchess.com"]
[Source "ChessBase"]
[SourceQuality "1"]
[TimeControl "5400+30"]

1. Nf3 d5 2. g3 Nf6 3. Bg2 e6 4. O-O Be7 5. c4 O-O 6. b3 c5 7. cxd5 exd5 8. d4 Nc6 9. Bb2 Ne4 10. Nc3 Bf6 11. Na4 b5 (11... cxd4 $11 {keeps the balance.} 12. Nxd4 Bd7) 12. Nxc5 $16 {[%emt 0:25:29] D34: Tarrasch Defence: 6 g3 Nf6 7 Bg2 Be7.} Nxc5 13. Qc2 {[%emt 0:08:19] [#]} ({White should play} 13. Rc1 $16) 13... Nb4 $146 ({Predecessor:} 13... Nxb3 14. axb3 Qb6 15. e3 Be6 16. Rfc1 Rfc8 17. Qd2 a5 18. Ne5 Nb4 19. Bc3 {½-½ (19) Girard,E (2144)-Charvin,O (2084) Aix les Bains 2003}) 14. Qxc5 {[%emt 0:00:25] White is better.} Be7 15. Qc1 ({Don't go for} 15. Qxb5 $2 a6 16. Qc5 (16. Qa4 $2 Bd7 $19) 16... Bxc5 $19) 15... Bf5 16. Qf4 Be4 17. a3 (17. Qd2 $16) 17... Bd6 (17... Nc2 $14) 18. Qd2 (18. Ne5 $18 Bxg2 19. Kxg2) 18... Rc8 19. Rac1 ({Much less strong is} 19. axb4 $6 Rc2 $14) 19... Nc6 {[%emt 0:13:22] [#]} 20. Bh3 $1 $36 {[%emt 0:04:38][%mdl 2048] White is in control.} Rc7 21. Ne5 Na5 (21... Ne7 $142 22. Rxc7 Bxc7) 22. Rxc7 $18 Qxc7 {[%emt 0:01:33] [#]} (22... Bxc7 $142 23. Qc3 Bd6) 23. Rc1 $1 Nxb3 24. Rxc7 Nxd2 25. Rxa7 {[%emt 0:00:18][%cal Oe5f7] Threatens to win with Nxf7!} Nc4 26. Nxc4 dxc4 27. f3 Bc2 28. Bc3 Bd1 (28... Ba4 $142 29. Bd7 Rb8) 29. Kf2 Ba4 30. e4 Bxa3 31. Rb7 Bd6 32. Bd7 Rb8 33. Rxb8+ Bxb8 $16 {[%emt 0:00:01][%mdl 4096] Endgame KBB-KBB} 34. Bb4 g5 (34... Bc7 {keeps fighting.} 35. f4 Bb6) 35. Ke3 $18 h5 (35... c3 $142 36. Bxc3 b4) 36. e5 Kg7 37. Ke4 {[%emt 0:00:19] And now d5 would win.} Bb3 $2 (37... Bc2+ 38. Ke3 Ba4) 38. Bxb5 h4 (38... Bc2+ $142 39. Ke3 Bd3) 39. Kf5 {[%emt 0:00:51] White is clearly winning.} Kh6 (39... Bc7 $142 40. Kxg5 Bb6) 40. gxh4 gxh4 41. Kf6 {[%emt 0:00:00] Weighted Error Value: White=0.14 (very precise) /Black=0.53} 1-0

[Event "10th Amsterdam Science Park 2022"]
[Site "Amsterdam"]
[Date "2022.07.22"]
[Round "5.6"]
[White "Van Arkel, Rogier"]
[Black "Kumar, Prajit Sai"]
[Result "0-1"]
[ECO "B30"]
[WhiteElo "2187"]
[BlackElo "2040"]
[Annotator "TA"]
[PlyCount "52"]
[EventDate "2022.07.18"]
[EventCountry "NED"]
[SourceTitle "playchess.com"]
[Source "ChessBase"]
[SourceQuality "1"]
[TimeControl "5400+30"]

1. e4 c5 2. Nf3 Nc6 3. Bb5 e5 4. O-O Bd6 5. c3 a6 6. Ba4 {[%emt 0:03:39] B30: Sicilian: 2...Nc6 3 Bb5, lines without ...g6.} b5 7. Bc2 Nge7 8. a4 {[%emt 0:11:35] Threatens to win with axb5. White has an edge.} b4 9. d4 cxd4 10. cxd4 {[%emt 0:00:31] [#]} Nxd4 $146 ({Predecessor:} 10... exd4 11. Nxd4 Nxd4 12. Qxd4 Qc7 13. h3 a5 14. Bb3 Be5 15. Qc4 Qxc4 16. Bxc4 Bb7 {1-0 (44) Saydaliev,S (2384)-Nigmatov,O (2447) Tashkent 2020}) 11. Nxd4 exd4 12. Nd2 Qc7 13. Nf3 O-O 14. e5 Bxe5 15. Bxh7+ $2 {[%emt 0:09:37][%mdl 8192] White does not recover from this.} Kxh7 $19 16. Ng5+ Kg8 {[%emt 0:06:31] Black is clearly winning.} 17. Qd3 {[%emt 0:05:02][%csl Gg5][%cal Rd3h7] [#]} Ng6 ({Wrong is} 17... Bxh2+ $2 18. Kh1 Ng6 19. f4 $19) 18. Qh3 Re8 19. Qf3 d5 20. Bd2 a5 21. Rac1 Qd7 22. Qh5 Ba6 23. Rfe1 Nf8 24. Rc6 g6 ({Inferior is} 24... Qxc6 25. Qxf7+ Kh8 26. Qh5+ Kg8 27. Qf7+ Kh8 28. Qh5+ Kg8 29. Qf7+ $11) 25. Qf3 f6 26. Rxe5 Qxc6 {[%emt 0:01:10] Weighted Error Value: White=0.76/Black=0.05 (flawless)} 0-1

[Event "10th Amsterdam Science Park 2022"]
[Site "Amsterdam"]
[Date "2022.07.22"]
[Round "5.7"]
[White "Duchene, Rene"]
[Black "Croese, Cor"]
[Result "1-0"]
[ECO "E61"]
[WhiteElo "2137"]
[BlackElo "2173"]
[Annotator "TA"]
[PlyCount "33"]
[EventDate "2022.07.18"]
[EventCountry "NED"]
[SourceTitle "playchess.com"]
[Source "ChessBase"]
[SourceQuality "1"]
[TimeControl "5400+30"]

1. Nf3 Nf6 2. c4 g6 3. d4 Bg7 4. e3 O-O 5. Be2 d6 6. Nc3 Nbd7 7. O-O e5 8. Qc2 c6 9. b3 Ne8 {[%emt 0:03:31] E61: King's Indian: Early deviations for White, including Smyslov System.} 10. Rd1 f5 11. dxe5 dxe5 {[%emt 0:01:05] [#]} (11... Nxe5 $14 12. Bb2 Qe7) 12. e4 $146 (12. Ba3 $16) ({Predecessor:} 12. Ba3 Rf7 13. c5 Kh8 14. Bc4 Rf8 15. Bb2 Qf6 16. b4 e4 17. Nd4 Ne5 18. Bb3 {0-1 (36) Mohd Salem,M-Ceballos Muez,M Al Ain 2013}) 12... f4 (12... Qe7 $1 $11 {keeps the balance.}) 13. Ba3 $16 Rf7 14. c5 $36 {[%emt 0:00:41][%mdl 2048] White is really pushing. White is more active.} Qa5 (14... Kh8 $16 15. Rd2 Qe7) 15. Qc1 b5 (15... Kh8 $16 {keeps fighting.} 16. Ng5 Rf6) 16. cxb6 $18 Nxb6 {[%emt 0:00:07] [#]} (16... axb6 17. Bc4 Qxa3) 17. b4 {[%emt 0:01:28] Weighted Error Value: White=0.29 (precise) /Black=0.78} 1-0

[Event "10th Amsterdam Science Park 2022"]
[Site "Amsterdam"]
[Date "2022.07.22"]
[Round "5.8"]
[White "Schilstra, Laurens"]
[Black "Baarslag, Ed"]
[Result "0-1"]
[ECO "B12"]
[WhiteElo "1993"]
[BlackElo "2161"]
[Annotator "TA"]
[PlyCount "116"]
[EventDate "2022.07.18"]
[EventCountry "NED"]
[SourceTitle "playchess.com"]
[Source "ChessBase"]
[SourceQuality "1"]
[TimeControl "5400+30"]

1. e4 c6 2. d4 d5 3. e5 c5 4. dxc5 e6 5. a3 Bxc5 6. b4 {[%emt 0:00:05] B12: Caro-Kann: Advance Variation.} Be7 7. Bd3 a5 8. b5 {[%emt 0:00:37] Prevents Nc6. The position is equal.} Nd7 9. Nf3 f6 10. exf6 (10. Bb2 $11) 10... Bxf6 $15 {[%emt 0:04:38] [#]} (10... Ngxf6 11. Bb2 $11) 11. c3 $146 ({Predecessor:} 11. Ra2 e5 12. Be2 Ne7 13. O-O O-O 14. c4 d4 15. Bd3 Nc5 16. Re1 Qd6 17. Bb2 Be6 18. a4 Qc7 19. Na3 b6 20. Qd2 Nxa4 21. Bxd4 Nc5 22. Bb2 {½-½ (22) Casares Bonals,A (1637)-Mut Company,G (1898) Badalona 2018}) 11... e5 $1 12. Bc2 e4 13. Nd4 (13. Qxd5 exf3 14. Qxf3 Ne5) (13. Qxd5 $2 exf3 14. Qxf3 Ne5 $19) 13... Ne5 $36 {[%emt 0:01:20][%mdl 2048] White is under strong pressure.} (13... Ne7) 14. O-O Bg4 ({Better is} 14... Ne7 $17) 15. f3 $11 exf3 16. gxf3 Bh5 17. Bf4 Ne7 18. Re1 N5g6 19. Be3 (19. Ne6 $1 $11 {remains equal.} Qb6+ 20. Kh1) 19... Bxd4 (19... O-O $142 {aiming for ...Nh4.} 20. Nd2 Qd6) 20. Qxd4 O-O 21. Bg5 Nf5 22. Bxd8 Nxd4 23. cxd4 Raxd8 24. Nd2 Rf4 (24... Bxf3 $6 25. Bxg6 hxg6 26. Re7 $11) 25. Bxg6 Bxg6 26. Re7 Rc8 ({Don't play} 26... Rxd4 $6 27. Nb3 Rf4 28. Nxa5 $11) ({Black should play} 26... b6 $17 27. Rb7 Rxd4) 27. Ra2 (27. Rxb7 $11 {keeps the balance.} Rc2 28. Nb3) 27... b6 $17 ({Much weaker is} 27... Rxd4 $6 28. Rxb7 Bc2 29. Nf1 $11) 28. Rb7 Rf6 {[%emt 0:00:54] Black is more active.} 29. Rd7 $2 (29. Kf2 $17 {might work better.}) 29... Re6 (29... Bf5 $1 $19 30. Re7 Rg6+ 31. Kf2 Bh3) 30. Kf2 Bd3 31. Rxd5 (31. Nf1 $17 {was forced.}) 31... Re2+ $19 32. Kg3 Bc4 $2 (32... Rc1 $1 $19 33. Kf4 h6) 33. Nxc4 $11 Rxa2 34. Nxb6 {[%emt 0:00:00][%mdl 4096] Endgame KRR-KRN} Rcc2 (34... Rc3 $11) 35. a4 (35. Rc5 $1 $14 {is superior.}) 35... Rg2+ 36. Kf4 Rxh2 37. Rd8+ Kf7 38. d5 (38. Rd7+ $11 Kf6 39. Rd6+ Kf7 40. Rd7+ Kf6 41. Rd6+ Kf7 42. Rd7+) 38... Rh4+ (38... Rh6 $1 $15 39. Nc8 Rh4+ 40. Ke5 (40. Kg5 Rh3 $17) 40... Re2+ 41. Kd6 Rxa4 42. Rd7+ Kf6) 39. Ke5 Re2+ 40. Kd6 $1 Rc2 {[%emt 0:05:53] Hoping for ...Rh6+.} 41. Rd7+ (41. Rc8 $1 $16 Rxc8 42. Nxc8) 41... Kf8 $2 (41... Ke8 $1 $11 42. Re7+ Kd8) 42. Rd8+ $2 (42. Rc7 $18 Rh6+ 43. Kd7) 42... Kf7 $14 43. Rd7+ $2 (43. Rc8 $1 $14 Rxc8 44. Nxc8 Rxa4 45. b6) 43... Kf8 $18 {[%emt 0:00:13] And now ...Rh6+ would win.} 44. Re7 h5 (44... Rh6+ 45. Re6 Rh1 46. Nd7+ Kf7 47. Re7+ Kg6 48. Ne5+ Kf6 49. Rf7+ Kg5 50. Rxg7+ Kh6 51. Rg8 $18) 45. Nd7+ Kg8 46. Nc5 {[%emt 0:01:54] b6 is the strong threat.} Rb4 47. Ne6 Rxa4 48. Rxg7+ Kh8 49. b6 $2 (49. Ke5 $1 $18 ) 49... Rb4 $11 50. Rb7 {[%emt 0:00:00] Strongly threatening Ke5.} a4 $2 {[%emt 0:00:00] [#]} (50... Rcb2 $11 {and Black has nothing to worry.}) 51. Nc5 $4 (51. Ke5 $1 $18 {was the only winning move. Threatens to win with Rb8+.} a3 52. Rb8+ Kh7 53. Kf6) 51... a3 $19 52. Rb8+ $2 {[%emt 0:00:00][%mdl 8192] [#]} (52. Nd7 $17 a2 53. Ra7) 52... Kh7 $1 {[%emt 0:00:00] White must now prevent ...a2. Black is clearly winning.} 53. b7 Rb6+ 54. Kc7 Rb5 55. Ra8 Rcxc5+ 56. Kd6 Rxd5+ 57. Kc6 Rdc5+ 58. Kd6 Rc3 {[%emt 0:00:00] Quite a comeback for Black.  Weighted Error Value: White=0.82/Black=0.37} 0-1